AoeStats
← Manthasx22

Arena

509186559Analyzed
1v1 RM · 7d ago on Sep 25, 2026· 47m 28s· 2 players
Game mode
Random Map
Map size
Tiny (2 player)
Population
200
Speed
Normal
Resources
Standard
Victory
Conquest
Starting age
Dark Age
Ending age
Imperial Age
RankedLock teamsTeams togetherTeam positionsShared explorationLock speedFull tech treeHidden civsTurbo modeCheats
Victory
Defeat
🇲🇽 Turks · Mexico
1051
+14
🇨🇴 Bulgarians · Colombia
1010
-14
Willycruyff
12:15 Feudal Age
14:10 Double-Bit Axe
16:27 Castle Age
16:13 Gold Mining
27:32 Fletching
28:24 Bodkin Arrow
31:53 Imperial Age
29:11 Loom
31:36 Padded Archer Armor
31:43 Scale Barding Armor
32:35 Wheelbarrow
38:57 Conscription
44:54 Heavy Camel Rider
Manthasx22
10:07 Feudal Age
12:01 Loom
15:46 Castle Age
14:34 Double-Bit Axe
26:06 Horse Collar
31:50 Imperial Age
30:51 Wheelbarrow
37:00 Pikeman
38:41 Elite Skirmisher
39:11 Elite Konnik
40:20 Fletching
40:31 Padded Archer Armor
41:18 Bodkin Arrow
41:39 Leather Archer Armor
45:01 Bracer
45:15 Bloodlines
45:06 Husbandry
45:48 Heavy Plow
46:02 Bow Saw
45:36 Light Cavalry
47:33 Forging
Connection lost

Rejoining the realm…

Still unreachable

The connection could not be restored.

Session expired

The server has moved on; the page needs a fresh start.